 Dungeon Crawl Stone Soup version 0.30.1-11-g7821555f0a (webtiles) character file.

Game seed: 5247714475810716990

136 lonewolfV2 the Covered (level 4, -5/41 HPs)
             Began as a Minotaur Fighter on Nov 9, 2023.
             Slain by Crazy Yiuf
             ... wielding a +2 quarterstaff of chaos
              (12 damage)
             ... on level 3 of the Dungeon.
             The game lasted 00:02:21 (2143 turns).

lonewolfV2 the Covered (Minotaur Fighter)           Turns: 2143, Time: 00:02:21

Health: -5/41      AC:  8    Str: 21    XL:     4   Next: 98%
Magic:  2/4        EV: 10    Int:  5    God:
Gold:   190        SH:  5    Dex: 11    Spells: 3/3 levels left

rFire   . . .        a - +0 war axe (heavy)
rCold   . . .        c - +1 buckler
rNeg    . . .        b - +0 scale mail
rPois   .            (helmet restricted)
rElec   .            (no cloak)
rCorr   .            f - +0 pair of gloves
SInv    .            (no boots)
Will    .....        (no amulet) Stlth
                     (no ring)
HPRegen 0.26/turn    (no ring)
MPRegen 0.09/turn

%: no passive effects
@: lethally poisoned (-5 -> -13)
A: horns 2, retaliatory headbutt
a: no special abilities


You were on level 3 of the Dungeon.
You visited 1 branch of the dungeon, and saw 3 of its levels.

You collected 190 gold pieces.

Inventory:

Hand Weapons
 a - a +0 heavy war axe (weapon)
Armour
 b - a +0 scale mail (worn)
 c - a +1 buckler (worn)
 f - a +0 pair of gloves (worn)
Wands
 p - a wand of mindburst (11)
Scrolls
 e - a scroll of enchant armour
 j - 2 scrolls of blinking
 k - a scroll of fog {unknown}
 l - a scroll of identify
 n - 2 scrolls of magic mapping {unknown}
Potions
 d - a potion of might
 g - 2 potions of ambrosia {unknown}
 h - 4 potions of curing
 i - a potion of heal wounds {unknown}
 m - a potion of lignification {unknown}
 o - a potion of experience {unknown}


   Skills:
 + Level 4.4 Fighting
 - Level 2.4 Axes
 + Level 4.4 Armour
 * Level 3.1 Dodging
 - Level 3.6 Shields
 + Level 1.8 Invocations


You had 3 spell levels left.
You didn't know any spells.
Your spell library contained the following spells:

 Spells                   Type           Power      Damage    Failure   Level
 Sting                    Tmut/Pois      0%         1d3       86%         1
 Poisonous Vapours        Pois/Air       0%         N/A       95%         2
 Olgreb's Toxic Radiance  Pois           0%         N/A       100%        4


Dungeon Overview and Level Annotations

Branches:
Dungeon (3/15)

Altars:
Ru

Annotations:
D:3 Crazy Yiuf


Innate Abilities, Weirdness & Mutations

You have a pair of horns on your head.
You reflexively headbutt those who attack you in melee.


Message History

The goblin hits you but does no damage.
You closely miss the goblin. Your headbutt misses the goblin.
The goblin hits you but does no damage. You block the goblin's attack.
You slice the goblin!!
You kill the goblin!
Things that are here:
a +0 dagger of holy wrath; a goblin corpse
j - 2 scrolls of blinking (gained 1)
You see here a +2 heavy mace.
p - a wand of mindburst (11)
You now have 190 gold pieces (gained 8).
Found a hammer.
Found a runed translucent door.
Crazy Yiuf cries, "Cod!"
n - 2 scrolls labelled AMU XEOKKUMAW (gained 1)
Items here: ( )) [.
Key pressed, stopping explore.
Crazy Yiuf yells, "Liver foot sallow!"
You open the door. You hit Crazy Yiuf but do no damage.
Your headbutt misses Crazy Yiuf.
Crazy Yiuf yells, "Trifle snockshim eyeball!"
Crazy Yiuf hits you but does no damage.
Crazy Yiuf hits you with a +2 quarterstaff of chaos!
You feel your power leaking away.
You barely miss Crazy Yiuf.
Crazy Yiuf cries, "Scoff!
Gum green tea."
You block Crazy Yiuf's attack.
Crazy Yiuf waves his quarterstaff at you.
Crazy Yiuf hits you but does no damage.
You are electrocuted!
You hit Crazy Yiuf.
Crazy Yiuf is lightly wounded.
You block Crazy Yiuf's attack.
Crazy Yiuf says, "Blight noodlescoop leg!"
Crazy Yiuf hits you with a +2 quarterstaff of chaos!
You are lethally poisoned!
You closely miss Crazy Yiuf. You headbutt Crazy Yiuf!
Crazy Yiuf is heavily wounded.
* * * LOW HITPOINT WARNING * * *
You feel very sick.
Crazy Yiuf hits you with a +2 quarterstaff of chaos!
You die...

...........##
#....###..#
...##......#
#....# #..#
...........#
#....# #..#
....#......#
##...# #..#
....#......#
##.## #..#
..[.#......#
##.# ####
....########
#.## ...##
##.# ....#
#@## ....#
#g# ....# ...
....# #...#
....# #)..#
...## #####
..## ###


You could see Crazy Yiuf.

Vanquished Creatures
  An orc priest (D:3)
  3 adders (D:2)
  2 worms
  2 dart slugs (D:1)
  4 orcs (D:3)
  3 ball pythons
  5 bats
  9 endoplasms
  2 giant cockroaches (D:1)
  8 goblins
  5 hobgoblins
  3 quokkas
  A frilled lizard (D:1)
  6 kobolds
  6 rats
60 creatures vanquished.

Notes
Turn   | Place    | Note
-------+----------+-------------------------------------------
     0 | D:1      | lonewolfV2 the Minotaur Fighter began the quest for the
                  | Orb.
     0 | D:1      | Reached XP level 1. HP: 19/19 MP: 0/0
   116 | D:1      | Reached skill level 1 in Dodging
   116 | D:1      | Reached XP level 2. HP: 27/27 MP: 1/1
   356 | D:1      | Reached skill level 1 in Invocations
   454 | D:1      | Reached XP level 3. HP: 33/33 MP: 2/2
   950 | D:2      | Reached XP level 4. HP: 40/40 MP: 2/4
  1042 | D:2      | Found a sacrificial altar of Ru.
  1988 | D:3      | Found a runed translucent door.
  1989 | D:3      | Noticed Crazy Yiuf
  2143 | D:3      | Slain by Crazy Yiuf

Illustrated notes

Levels and vault maps discovered:
D:1:      grunt_arrival_crossed_arrows, layout_basic
D:2:      layout_loops_ring, basic_altar
D:3:      layout_rooms, uniq_crazy_yiuf_cottage

Skill      XL: |  1  2  3  4 |
---------------+-------------+-----
Dodging        | 1 2 3 |  3.1
Fighting       | 4 |  4.4
Invocations    | 1 |  1.8
Armour         | 4 |  4.4
Axes           | |  2.4
Shields        | |  3.6

Action                     |  1- 3 |  4- 6 || total
---------------------------+-------+-------++-------
  Melee: War axe           |    63 |    30 ||    93
         Headbutt          |     7 |     1 ||     8
    Use: Scroll            |     4 |     3 ||     7
 Armour: Scale mail        |    37 |    20 ||    57
  Dodge: Dodged            |    39 |    19 ||    58
  Block: Buckler           |    20 |     8 ||    28
